 Dungeon Crawl Stone Soup version 0.31.0 (webtiles) character file.

Game seed: 7494435766746174007

109225 qw the Marksgargoyle (level 16, -4/110 HPs)
             Began as a Gargoyle Hunter on Jan 19, 2024.
             Was a High Priest of Okawaru.
             Slain by a wolf spider (14 damage)
             ... on level 1 of the Spider Nest.
             The game lasted 00:03:18 (20171 turns).

qw the Marksgargoyle (Gargoyle Hunter)             Turns: 20171, Time: 00:03:18

Health: -4/110     AC: 29    Str: 19    XL:     16   Next: 51%
Magic:  23/23      EV: 25    Int: 14    God:    Okawaru [*****.]
Gold:   2284       SH:  0    Dex: 23    Spells: 15/15 levels left

rFire   . . .        a - +6 longbow (chaos)
rCold   . . .        (shield currently unavailable)
rNeg    + . .        u - +0 troll leather armour
rPois   inf          l - +4 helmet "Hoxit" {Str+4 Int+4 Dex-2}
rElec   +            s - +2 cloak
rCorr   .            g - +2 pair of gloves
SInv    .            (no boots)
Will    +....        (no amulet)
Stlth   ++           e - +6 ring of dexterity
HPRegen 1.98/turn    f - +5 ring of evasion
MPRegen 0.18/turn

%: no passive effects
@: flying
A: sickness immunity, AC +12, big wings, negative energy resistance 1,
electricity resistance, torment resistance 1, petrification resistance,
iridescent scales 1, regeneration 1, weak 1
a: Renounce Religion, Heroism, Finesse, Duel


You were on level 1 of the Spider Nest.
You worshipped Okawaru.
Okawaru was extremely pleased with you.
You visited 5 branches of the dungeon, and saw 24 of its levels.
You also visited: Gauntlet.

You collected 2608 gold pieces.
You spent 324 gold pieces at shops.


Innate Abilities, Weirdness & Mutations

You are immune to sickness and miasma.
Your stone body is resilient. (AC +12)
You are immune to poison.
Your large and strong wings let you fly.
You resist negative energy. (rN+)
You are resistant to electric shocks. (rElec)
You are resistant to unholy torment.
You are immune to petrification.
You are partially covered in iridescent scales. (AC +2)
Your natural rate of healing is unusually fast.
You are weak. (Str -2)


   Skills:
 - Level 16.0 Fighting
 - Level 20.0 Ranged Weapons
 - Level 7.0 Armour
 + Level 10.1 Dodging
 - Level 1.1 Stealth
 - Level 10.0 Invocations


You had 15 spell levels left.
You didn't know any spells.
Your spell library was empty.

Inventory:

Hand Weapons
 a - a +6 longbow of chaos (weapon)
Armour
 b - the +1 helmet "Kutsowen" {+Inv rF+ Will-}
   (You found it in a Gauntlet)

   rF+:       It protects you from fire.
   Will-:     It decreases your willpower.
   +Inv:      It lets you turn invisible.
 g - a +2 pair of gloves (worn)
 l - the +4 helmet "Hoxit" (worn) {Str+4 Int+4 Dex-2}
   (You found it in a Gauntlet)

   Str+4:     It affects your strength (+4).
   Int+4:     It affects your intelligence (+4).
   Dex-2:     It affects your dexterity (-2).
 s - a +2 cloak (worn)
 u - a +0 troll leather armour (worn)
 w - the +5 robe of Night {Dark Will+ SInv}
   (You found it on level 1 of the Spider Nest)

   Dark:      It shrouds the wearer in darkness, reducing the range at which
   they can see and be seen by others.
   Will+:     It increases your willpower.
   SInv:      It lets you see invisible.
 x - the +3 salamander hide armour {Flames, rFlCloud rF++ rC--}
   (You found it on level 15 of the Dungeon)

   Flames:    It surrounds you with flame clouds and enhances your fire magic.
   rFlCloud:  It grants immunity to flame clouds.
   rF++:      It greatly protects you from fire.
   rC--:      It makes you very vulnerable to cold.
Jewellery
 e - a +6 ring of dexterity (left hand)
 f - a +5 ring of evasion (right hand)
 m - the ring "Jiurim" {rF- rCorr Str+3 Int+4 SInv}
   (You found it in a Gauntlet)

   [ring of resist corrosion]

   Str+3:     It affects your strength (+3).
   Int+4:     It affects your intelligence (+4).
   rF-:       It makes you vulnerable to fire.
   SInv:      It lets you see invisible.
   rCorr:     It protects you from acid and corrosion.
Wands
 o - a wand of digging (5)
 r - a wand of roots (21)
 v - a wand of polymorph (18)
 y - a wand of acid (6)
Scrolls
 i - 5 scrolls of identify
 j - 7 scrolls of teleportation
Potions
 c - 3 potions of resistance
 d - a potion of heal wounds
 h - 3 potions of mutation
 k - 4 potions of might
 n - 5 potions of magic
 p - 2 potions of cancellation
 q - 7 potions of curing
 t - a potion of enlightenment

Dungeon Overview and Level Annotations

Branches:
Dungeon (15/15)            Temple (1/1) D:6            Lair (5/5) D:9
  Swamp (0/4) Lair:2       Spider (1/4) Lair:3        Slime (0/5) Lair:5
    Orc (2/2) D:12            Elf (0/3) Orc:2        Vaults (0/5) D:13
 Depths (0/4) D:15        Gauntlet (visited)

Altars:
Ashenzari
Cheibriados
Dithmenos
Elyvilon
Fedhas
Gozag
Hepliaklqana
Kikubaaqudgha
Makhleb
Nemelex Xobeh
Okawaru
Qazlal
Ru
Sif Muna
Trog
Uskayaw
Vehumet
Wu Jian
Xom
Yredelemnul
Zin
The Shining One
Jiyva
Lugonu

Shops:
D:2 *   D:4 =   D:10 *   D:13 (   Orc:2 :[(*

Portals:
Abyss: Lair:5
Trove: D:13 (give 2 scrolls of acquirement)

Annotations:
D:7 2 transporters, 1 runed translucent door, Crazy Yiuf; qw's ghost, novice GrHu
D:9 3 runed translucent doors, qw's ghost, journeyman GrHu
Lair:3 2 transporters, qw's ghost, journeyman GrHu
Lair:5 1 runed translucent door
Orc:1 2 transporters, Xelitey Juot's ghost, novice MiFi


Message History

The wolf spider hits you!! The wolf spider misses you.
The wolf spider completely misses you. The wolf spider misses you.
A redback comes into view.
The wolf spider closely misses you. The wolf spider completely misses you.
The wolf spider closely misses you.
The wolf spider bites you but does no damage.
The wolf spider hits the tarantella!!
The tarantella dies!
Okawaru accepts your kill. The wolf spider hits you! The wolf spider bites you!
The wolf spider hits you but does no damage.
The wolf spider closely misses you.
The wolf spider hits you but does no damage.
The wolf spider bites you but does no damage.
A redback comes into view.
The wolf spider closely misses the redback.
The wolf spider bites the redback!!
The redback looks as sick as possible!
The wolf spider poisons the redback!
The wolf spider hits the redback!
The wolf spider bites the redback!
The wolf spider hits the redback!!
The redback dies!
Okawaru accepts your kill.
The redback bites the wolf spider!
The wolf spider misses you.
The wolf spider bites you but does no damage.
The redback dies!
Okawaru accepts your kill.
The wolf spider closely misses you. x2; The wolf spider hits you!!
The wolf spider closely misses you.
A wolf spider is nearby!
The wolf spider hits you!! The wolf spider bites you!
The wolf spider completely misses you. x2
20170 ||| FLEEEEING.
The wolf spider's many legs skitter.
The wolf spider attacks as it pursues you!
The wolf spider hits you but does no damage.
The wolf spider closely misses you.
The wolf spider hits you but does no damage.
The wolf spider bites you but does no damage.
The wolf spider hits you!
You die...

####.......#
##..#..####
####.....#
##....##
###...##
###.^###
#...##.##
#...^...#
##.@..^##
###s.## #..#
##..# %%.#
%..## %#..#
...... ..
..#.


You could see a neutral wolf spider (fast, strong, frenzied).

Vanquished Creatures
  Rupert (Lair:3)
  A fire giant (D:15)
  An emperor scorpion (Spider:1)
  An orc warlord (Orc:2)
  A minotaur (Gauntlet)
  A spark wasp (Spider:1)
  A vault guard (D:13)
  A hydra (D:14)
  An ogre mage (Orc:2)
  5 centaur warriors
  An alligator (Lair:2)
  4 two-headed ogres
  A dancing weapon (D:13)
  2 tengu warriors (D:15)
  3 boulder beetles
  4 demonic crawlers (Spider:1)
  2 thrashing horrors (Lair:5)
  An occultist (D:15)
  An orc high priest (Orc:2)
  Urug (Orc:2)
  Sonja (Lair:2)
  Amaemon (Lair:1)
  10 skeletal warriors
  5 large abominations
  A pharaoh ant (Spider:1)
  3 sixfirhies (Gauntlet)
  6 orb spiders
  A steelbarb worm (Spider:1)
  2 deep elf pyromancers (D:13)
  4 harpies
  7 orc knights
  An oklob plant (Lair:1)
  5 ugly things
  3 orc sorcerers
  5 wolf spiders
  3 cyclopes
  4 meliai
  4 manticores
  5 kobold blastminers
  Joseph (D:7)
  4 black mambas
  A cane toad (shapeshifter) (D:15)
  A smoke demon (Lair:5)
  2 gargoyles
  4 elephants (Lair:4)
  A kobold demonologist (D:11)
  13 cane toads
  Maggie (Lair:2)
  An orange demon (Lair:1)
  12 komodo dragons
  2 yaktaurs
  8 rime drakes
  A red devil (Lair:5)
  2 tengu conjurers (D:13)
  6 trolls
  A hornet (D:9)
  3 raiju (Lair:5)
  7 tarantellas (Spider:1)
  Prince Ribbit (D:7)
  4 dream sheep (Lair:3)
  3 slime creatures (D:12)
  32 blink frogs
  A centaur simulacrum (D:14)
  A spriggan (Lair:5)
  16 small abominations
  4 culicivoras (Spider:1)
  A ynoxinul (Lair:5)
  10 jumping spiders (Spider:1)
  18 wyverns
  A wyvern (shapeshifter) (D:14)
  2 wraiths
  51 yaks
  A steam dragon (D:7)
  6 basilisks
  Eustachio (D:4)
  14 vampire mosquitoes
  5 wargs
  3 redbacks (Spider:1)
  Menkaure (D:6)
  3 chaos spawn (Lair:5)
  A hell hound (Lair:4)
  An acid dragon (D:8)
  15 water moccasins
  2 ice beasts
  30 orc warriors
  A sky beast (D:8)
  2 black bears
  10 wolves
  6 ogres
  A tengu (D:11)
  15 centaurs
  Blork the orc (D:4)
  2 kobold brigands (D:9)
  A scorpion (D:4)
  8 bullfrogs
  A gnoll sergeant (D:10)
  4 wights
  6 killer bees
  10 howler monkeys
  5 hounds
  19 orc priests
  2 sleepcaps (D:5)
  5 iguanas
  15 orc wizards
  6 hell rats (Lair:4)
  13 gnolls
  4 adders
  12 white imps (Lair:2)
  4 dart slugs
  3 ribbon worms
  69 orcs
  10 endoplasms
  3 giant cockroaches
  5 goblins
  11 hobgoblins
  3 jackals (D:2)
  15 kobolds
  3 quokkas
  8 ball pythons
  4 bats
  2 frilled lizards
  8 rats
701 creatures vanquished.

Vanquished Creatures (collateral kills)
  2 tarantellas (Spider:1)
  3 redbacks (Spider:1)
  2 orc warriors
  An ogre (Orc:1)
  2 orcs
10 creatures vanquished.

Vanquished Creatures (others)
  A harpy (D:15)
  An arcanist (D:10)
  A blink frog (Lair:5)
  A yak (Lair:1)
  An orc warrior (Orc:2)
  An ogre (Orc:1)
  An orc (Orc:1)
7 creatures vanquished.

Grand Total: 718 creatures vanquished

Notes
Turn   | Place    | Note
-------+----------+-------------------------------------------
     0 | D:1      | qw the Gargoyle Hunter began the quest for the Orb.
     0 | D:1      | Reached XP level 1. HP: 12/12 MP: 1/1
     0 | D:1      | 0 ||| qw: Version: 0.3-a-132-g3d54051
     0 | D:1      | 0 ||| qw: Game counter: 143
     0 | D:1      | 0 ||| qw: Melee chars always use a shield: true
     0 | D:1      | 0 ||| qw: God list: Okawaru
     0 | D:1      | 0 ||| qw: Allow faded altars: false
     0 | D:1      | 0 ||| qw: Do Orc after clearing Dungeon:15 true
     0 | D:1      | 0 ||| qw: Do second Lair branch before Depths: true
     0 | D:1      | 0 ||| qw: Lair rune preference: random
     0 | D:1      | 0 ||| qw: Goals: Normal
     0 | D:1      | 0 ||| PLANNING D:1-11
   185 | D:1      | Reached XP level 2. HP: 17/17 MP: 2/2
   634 | D:1      | 634 ||| READING scroll labelled RAASAG SUFAH.
   634 | D:1      | 634 ||| ENCHANTING +0 shortbow.
   635 | D:1      | 635 ||| READING scroll labelled UFOYRE NEMY.
   636 | D:1      | 636 ||| READING scroll labelled LILAOFF KUMAU.
   737 | D:1      | 737 ||| DRINKING 2 black potions.
   738 | D:1      | 738 ||| DRINKING 2 lumpy green potions.
   738 | D:1      | Gained mutation: You have hidden genetic potential. [potion
                  | of mutation]
   738 | D:1      | Gained mutation: You are weak. (Str -2) [potion of
                  | mutation]
   739 | D:1      | 739 ||| DROPPING scroll of butterflies.
   800 | D:2      | 800 ||| STAIRDANCE
   859 | D:2      | Reached XP level 3. HP: 14/21 MP: 3/3
   864 | D:2      | 864 ||| FLEEEEING.
   867 | D:2      | 867 ||| STAIRDANCE
   937 | D:2      | Reached skill level 5 in Ranged Weapons
  1164 | D:2      | Found Osoanutt's General Store.
  1169 | D:2      | 1169 ||| BUYING scroll of identify (24 gold).
  1169 | D:2      | Bought a scroll of identify for 24 gold pieces
  1190 | D:2      | Gained mutation: Your natural rate of healing is unusually
                  | fast. [hidden potential]
  1339 | D:2      | Reached skill level 3 in Fighting
  1483 | D:2      | Reached XP level 4. HP: 28/28 MP: 4/4
  1560 | D:2      | 1560 ||| UPGRADING to +4 ring of protection.
  1561 | D:2      | 1561 ||| UPGRADING to ring of willpower.
  1562 | D:2      | 1562 ||| READING scroll of identify.
  1562 | D:2      | 1562 ||| IDENTIFYING clear potion
  1563 | D:2      | 1563 ||| READING 2 scrolls labelled IPSEUJ HUAMAUR.
  1563 | D:2      | 1563 ||| ENCHANTING +0 shortbow.
  1564 | D:2      | 1564 ||| READING scroll of enchant weapon.
  1564 | D:2      | 1564 ||| ENCHANTING +1 shortbow.
  1565 | D:2      | 1565 ||| READING scroll labelled PIFICVACUA.
  1566 | D:2      | 1566 ||| READING scroll labelled FUTIL NIFIZ.
  1567 | D:2      | 1567 ||| DROPPING potion of lignification.
  1741 | D:3      | Gained mutation: You are partially covered in iridescent
                  | scales. (AC +2) [hidden potential]
  1741 | D:3      | Lost mutation: You have hidden genetic potential. [hidden
                  | potential expressed]
  2061 | D:3      | Found a snail-covered altar of Cheibriados.
  2061 | D:3      | Found a broken altar of Ashenzari.
  2066 | D:3      | Found a sacrificial altar of Ru.
  2069 | D:3      | Found a hide-covered altar of Uskayaw.
  2072 | D:3      | Found a sparkling altar of Nemelex Xobeh.
  2072 | D:3      | Found a white marble altar of Elyvilon.
  2072 | D:3      | Found a basalt altar of Yredelemnul.
  2072 | D:3      | Found an ornate altar of the Wu Jian Council.
  2072 | D:3      | Found a radiant altar of Vehumet.
  2073 | D:3      | Found a shimmering blue altar of Sif Muna.
  2074 | D:3      | Found a glowing golden altar of the Shining One.
  2076 | D:3      | Found an ancient bone altar of Kikubaaqudgha.
  2077 | D:3      | Found a blossoming altar of Fedhas.
  2078 | D:3      | 2078 ||| DROPPING amulet of magic regeneration.
  2079 | D:3      | 2079 ||| READING 2 scrolls of identify.
  2079 | D:3      | 2079 ||| IDENTIFYING sedimented black potion
  2080 | D:3      | 2080 ||| READING scroll of identify.
  2080 | D:3      | 2080 ||| IDENTIFYING 2 cyan potions
  2081 | D:3      | 2081 ||| READING scroll labelled UHIOHO QEUT.
  2082 | D:3      | 2082 ||| FLEEEEING.
  2085 | D:3      | 2085 ||| DROPPING potion of brilliance.
  2093 | D:4      | Noticed Blork the orc
  2108 | D:4      | Killed Blork the orc
  2109 | D:4      | Reached skill level 6 in Ranged Weapons
  2109 | D:4      | Reached XP level 5. HP: 28/32 MP: 5/5
  2109 | D:4      | 2109 ||| STAIRDANCE
  2324 | D:4      | Reached XP level 6. HP: 38/38 MP: 6/6
  2412 | D:4      | Found Lyets's One-of-a-Kind Rings.
  2419 | D:4      | 2419 ||| SHOPLISTING +2 ring of protection (130 gold, have
                  | 65).
  2419 | D:4      | 2419 ||| SHOPLISTING +2 ring of slaying (273 gold, have
                  | 65).
  2419 | D:4      | 2419 ||| SHOPLISTING +5 ring of strength (273 gold, have
                  | 65).
  2419 | D:4      | 2419 ||| SHOPLISTING +7 ring of slaying (2243 gold, have
                  | 65).
  2419 | D:4      | 2419 ||| SHOPLISTING +7 ring of strength (585 gold, have
                  | 65).
  2419 | D:4      | 2419 ||| SHOPLISTING +8 ring of evasion (1014 gold, have
                  | 65).
  2437 | D:4      | Noticed Eustachio
  2445 | D:4      | 2445 ||| RETREEEEATING.
  2446 | D:4      | 2446 ||| RETREEEEATING.
  2468 | D:4      | Killed Eustachio
  2469 | D:4      | Reached skill level 7 in Ranged Weapons
  2650 | D:4      | Identified the +6 trident "Iromon" {flame, Str+6 Dex+4}
  2661 | D:4      | Found a burning altar of Makhleb.
  2821 | D:4      | Reached XP level 7. HP: 43/43 MP: 7/7
  2871 | D:4      | 2871 ||| RETREEEEATING.
  2872 | D:4      | 2872 ||| RETREEEEATING.
  2873 | D:4      | 2873 ||| RETREEEEATING.
  2874 | D:4      | 2874 ||| RETREEEEATING.
  2875 | D:4      | 2875 ||| RETREEEEATING.
  2876 | D:4      | 2876 ||| RETREEEEATING.
  2877 | D:4      | 2877 ||| RETREEEEATING.
  2878 | D:4      | 2878 ||| RETREEEEATING.
  2879 | D:4      | 2879 ||| RETREEEEATING.
  2880 | D:4      | 2880 ||| RETREEEEATING.
  2881 | D:4      | 2881 ||| RETREEEEATING.
  2882 | D:4      | 2882 ||| RETREEEEATING.
  2883 | D:4      | 2883 ||| RETREEEEATING.
  2884 | D:4      | 2884 ||| RETREEEEATING.
  2885 | D:4      | 2885 ||| RETREEEEATING.
  2886 | D:4      | 2886 ||| RETREEEEATING.
  2887 | D:4      | 2887 ||| RETREEEEATING.
  2888 | D:4      | 2888 ||| RETREEEEATING.
  2889 | D:4      | 2889 ||| RETREEEEATING.
  2890 | D:4      | 2890 ||| RETREEEEATING.
  2891 | D:4      | 2891 ||| RETREEEEATING.
  2892 | D:4      | 2892 ||| RETREEEEATING.
  2893 | D:4      | 2893 ||| RETREEEEATING.
  2894 | D:4      | 2894 ||| RETREEEEATING.
  2895 | D:4      | 2895 ||| RETREEEEATING.
  2896 | D:4      | 2896 ||| RETREEEEATING.
  2897 | D:4      | 2897 ||| RETREEEEATING.
  2898 | D:4      | 2898 ||| RETREEEEATING.
  2899 | D:4      | 2899 ||| RETREEEEATING.
  2900 | D:4      | 2900 ||| RETREEEEATING.
  2901 | D:4      | 2901 ||| RETREEEEATING.
  2902 | D:4      | 2902 ||| RETREEEEATING.
  2903 | D:4      | 2903 ||| RETREEEEATING.
  2904 | D:4      | 2904 ||| RETREEEEATING.
  2905 | D:4      | 2905 ||| RETREEEEATING.
  2906 | D:4      | 2906 ||| RETREEEEATING.
  2907 | D:4      | 2907 ||| RETREEEEATING.
  2908 | D:4      | 2908 ||| RETREEEEATING.
  2909 | D:4      | 2909 ||| RETREEEEATING.
  2910 | D:4      | 2910 ||| RETREEEEATING.
  2911 | D:4      | 2911 ||| RETREEEEATING.
  2912 | D:4      | 2912 ||| RETREEEEATING.
  2913 | D:4      | 2913 ||| RETREEEEATING.
  2914 | D:4      | 2914 ||| RETREEEEATING.
  2915 | D:4      | 2915 ||| RETREEEEATING.
  2916 | D:4      | 2916 ||| RETREEEEATING.
  2917 | D:4      | 2917 ||| RETREEEEATING.
  2918 | D:4      | 2918 ||| RETREEEEATING.
  2919 | D:4      | 2919 ||| RETREEEEATING.
  2920 | D:4      | 2920 ||| RETREEEEATING.
  2921 | D:4      | 2921 ||| RETREEEEATING.
  2922 | D:4      | 2922 ||| RETREEEEATING.
  2923 | D:4      | 2923 ||| RETREEEEATING.
  2924 | D:4      | 2924 ||| RETREEEEATING.
  2925 | D:4      | 2925 ||| RETREEEEATING.
  2926 | D:4      | 2926 ||| RETREEEEATING.
  2927 | D:4      | 2927 ||| RETREEEEATING.
  2928 | D:4      | 2928 ||| RETREEEEATING.
  2929 | D:4      | 2929 ||| RETREEEEATING.
  2930 | D:4      | 2930 ||| RETREEEEATING.
  2931 | D:4      | 2931 ||| RETREEEEATING.
  2932 | D:4      | 2932 ||| RETREEEEATING.
  2933 | D:4      | 2933 ||| RETREEEEATING.
  2934 | D:4      | 2934 ||| RETREEEEATING.
  2935 | D:4      | 2935 ||| RETREEEEATING.
  2936 | D:4      | 2936 ||| RETREEEEATING.
  2937 | D:4      | 2937 ||| RETREEEEATING.
  2938 | D:4      | 2938 ||| RETREEEEATING.
  2939 | D:4      | 2939 ||| RETREEEEATING.
  2940 | D:4      | 2940 ||| RETREEEEATING.
  2941 | D:4      | 2941 ||| RETREEEEATING.
  2942 | D:4      | 2942 ||| RETREEEEATING.
  2943 | D:4      | 2943 ||| RETREEEEATING.
  2944 | D:4      | 2944 ||| RETREEEEATING.
  2945 | D:4      | 2945 ||| RETREEEEATING.
  2946 | D:4      | 2946 ||| RETREEEEATING.
  2947 | D:4      | 2947 ||| RETREEEEATING.
  2948 | D:4      | 2948 ||| RETREEEEATING.
  3078 | D:4      | 3078 ||| UPGRADING to +2 robe.
  3088 | D:4      | 3088 ||| DROPPING +0 leather armour.
  3089 | D:4      | 3089 ||| UPGRADING to +0 cloak.
  3094 | D:4      | 3094 ||| DROPPING ring of wizardry.
  3095 | D:4      | 3095 ||| READING scroll of identify.
  3095 | D:4      | 3095 ||| IDENTIFYING brown potion
  3096 | D:4      | 3096 ||| READING scroll labelled NYJAGO HYRRO.
  3113 | D:5      | Entered Level 5 of the Dungeon
  3368 | D:5      | Reached skill level 8 in Ranged Weapons
  3453 | D:5      | HP: 3/44 [ogre/+0 giant spiked club (16)]
  3454 | D:5      | 3454 ||| READING 3 scrolls of teleportation.
  3455 | D:5      | 3455 ||| DRINKING potion of heal wounds.
  3517 | D:5      | Reached skill level 1 in Armour
  3586 | D:5      | Reached XP level 8. HP: 43/49 MP: 8/8
  3600 | D:5      | 3600 ||| ZAPPING wand of acid (8) at 2,0 (black bear;
                  | floor).
  3601 | D:5      | 3601 ||| ZAPPING wand of acid (7) at 1,0 (black bear;
                  | floor).
  3602 | D:5      | 3602 ||| ZAPPING wand of acid (6) at 1,0 (black bear;
                  | floor).
  3603 | D:5      | 3603 ||| FLEEEEING.
  3829 | D:5      | 3829 ||| UPGRADING to +0 pair of gloves.
  3834 | D:5      | 3834 ||| UPGRADING to +6 ring of dexterity.
  3836 | D:5      | 3836 ||| UPGRADING to +4 ring of protection.
  3838 | D:5      | 3838 ||| DROPPING ring of willpower.
  4018 | D:6      | Reached skill level 9 in Ranged Weapons
  4070 | D:6      | Found a shimmering altar of Xom.
  4091 | D:6      | 4091 ||| READING scroll of enchant armour.
  4091 | D:6      | 4091 ||| ENCHANTING +0 pair of gloves.
  4136 | D:6      | 4136 ||| READING scroll of enchant armour.
  4136 | D:6      | 4136 ||| ENCHANTING +1 pair of gloves.
  4299 | D:6      | 4299 ||| READING scroll of enchant weapon.
  4299 | D:6      | 4299 ||| ENCHANTING +2 shortbow.
  4333 | D:6      | Reached skill level 3 in Dodging
  4448 | D:6      | Found a staircase to the Ecumenical Temple.
  4449 | D:6      | 4449 ||| PLANNING TEMPLE
  4449 | D:6      | 4449 ||| READING scroll of identify.
  4449 | D:6      | 4449 ||| IDENTIFYING scroll labelled NEMAGA KUXUDD
  4450 | D:6      | 4450 ||| DROPPING scroll of noise.
  4455 | Temple   | Entered the Ecumenical Temple
  4456 | Temple   | 4456 ||| PLANNING OKAWARU WORSHIP
  4462 | Temple   | Became a worshipper of Warmaster Okawaru
  4463 | Temple   | 4463 ||| PLANNING D:1-11
  4754 | D:6      | Noticed Menkaure
  4763 | D:6      | Killed Menkaure
  4764 | D:6      | Reached skill level 6 in Fighting
  4922 | D:7      | 4922 ||| STAIRDANCE
  4963 | D:7      | Reached * piety under Okawaru
  4964 | D:7      | Reached skill level 10 in Ranged Weapons
  4964 | D:7      | Reached XP level 9. HP: 44/55 MP: 9/9
  4964 | D:7      | 4964 ||| FLEEEEING.
  4969 | D:7      | 4969 ||| STAIRDANCE
  4989 | D:7      | Found a transporter.
  4996 | D:7      | Noticed a purple ugly thing
  4996 | D:7      | Noticed qw's ghost (novice GrHu)
  5014 | D:7      | Reached skill level 1 in Invocations
  5018 | D:7      | 5018 ||| FLEEEEING.
  5053 | D:7      | Noticed Prince Ribbit
  5054 | D:7      | 5054 ||| RETREEEEATING.
  5055 | D:7      | 5055 ||| RETREEEEATING.
  5059 | D:7      | 5059 ||| RETREEEEATING.
  5065 | D:7      | 5065 ||| RETREEEEATING.
  5067 | D:7      | 5067 ||| RETREEEEATING.
  5073 | D:7      | 5073 ||| ZAPPING wand of acid (5) at 2,3 (Prince Ribbit;
                  | floor).
  5075 | D:7      | 5075 ||| ZAPPING wand of acid (4) at 3,4 (Prince Ribbit;
                  | floor).
  5077 | D:7      | 5077 ||| ZAPPING wand of acid (3) at 2,3 (Prince Ribbit;
                  | floor).
  5078 | D:7      | 5078 ||| INVOKING Heroism.
  5080 | D:7      | Killed Prince Ribbit
  5081 | D:7      | Reached skill level 3 in Invocations
  5167 | D:7      | Noticed Joseph
  5168 | D:7      | 5168 ||| INVOKING Heroism.
  5188 | D:7      | Killed Joseph
  5243 | D:7      | 5243 ||| READING scroll of enchant armour.
  5243 | D:7      | 5243 ||| ENCHANTING +0 cloak.
  5264 | D:7      | Found a transporter.
  5277 | D:7      | 5277 ||| INVOKING Heroism.
  5326 | D:7      | Found a runed translucent door.
  5327 | D:7      | Noticed Crazy Yiuf
  5641 | D:7      | 5641 ||| UPGRADING to +0 ring mail of positive energy.
  5651 | D:7      | 5651 ||| DRINKING 2 fuming puce potions.
  5681 | D:8      | 5681 ||| STAIRDANCE
  5735 | D:8      | 5735 ||| STAIRDANCE
  5754 | D:7      | Reached skill level 3 in Armour
  5754 | D:7      | 5754 ||| FLEEEEING.
  5765 | D:7      | 5765 ||| FLEEEEING.
  5773 | D:7      | Reached ** piety under Okawaru
  5829 | D:8      | 5829 ||| STAIRDANCE
  5901 | D:8      | 5901 ||| STAIRDANCE
  5903 | D:7      | 5903 ||| FLEEEEING.
  5959 | D:8      | 5959 ||| RETREEEEATING.
  5960 | D:8      | 5960 ||| RETREEEEATING.
  5973 | D:8      | Reached XP level 10. HP: 56/63 MP: 13/13
  5978 | D:8      | Reached skill level 11 in Ranged Weapons
  6229 | D:8      | 6229 ||| SWAPPING to +0 orcbow.
  6230 | D:8      | 6230 ||| DROPPING +3 shortbow.
  6496 | D:8      | 6496 ||| READING scroll labelled FOMIDD UVVEEPT.
  6496 | D:8      | Identified a scroll of acquirement
  6496 | D:8      | 6496 ||| ACQUIRING +2 longbow of flaming
  6496 | D:8      | Acquired a +2 longbow of flaming
  6498 | D:8      | 6498 ||| SWAPPING to +2 longbow of flaming.
  6499 | D:8      | 6499 ||| DROPPING +0 orcbow.
  6500 | D:8      | 6500 ||| READING scroll labelled UBUDWEVUESS.
  6545 | D:9      | 6545 ||| RETREEEEATING.
  6546 | D:9      | 6546 ||| RETREEEEATING.
  6547 | D:9      | 6547 ||| RETREEEEATING.
  6548 | D:9      | 6548 ||| RETREEEEATING.
  6549 | D:9      | 6549 ||| RETREEEEATING.
  6550 | D:9      | 6550 ||| RETREEEEATING.
  6551 | D:9      | Reached *** piety under Okawaru
  6556 | D:9      | 6556 ||| INVOKING Heroism.
  6563 | D:9      | Reached skill level 12 in Ranged Weapons
  6654 | D:9      | Found a flagged portal.
  6709 | D:9      | Reached **** piety under Okawaru
  6747 | D:9      | Found a runed translucent gate.
  6775 | D:9      | Found a staircase to the Lair.
  6788 | D:9      | Reached skill level 13 in Ranged Weapons
  6789 | D:9      | Reached XP level 11. HP: 58/68 MP: 14/14
  6789 | D:9      | 6789 ||| FLEEEEING.
  6898 | D:9      | 6898 ||| FLEEEEING.
  6919 | D:9      | Noticed a brown ugly thing
  6920 | D:9      | 6920 ||| RETREEEEATING.
  6923 | D:9      | 6923 ||| RETREEEEATING.
  6926 | D:9      | 6926 ||| RETREEEEATING.
  6929 | D:9      | 6929 ||| RETREEEEATING.
  6930 | D:9      | 6930 ||| INVOKING Finesse.
  6931 | D:9      | Noticed a wolf spider
  6931 | D:9      | 6931 ||| ZAPPING wand of acid (5) at 2,1 (wolf spider;
                  | floor).
  6932 | D:9      | 6932 ||| ZAPPING wand of acid (4) at 2,0 (wolf spider;
                  | floor).
  6933 | D:9      | 6933 ||| ZAPPING wand of acid (3) at 2,0 (wolf spider;
                  | floor).
  6934 | D:9      | 6934 ||| ZAPPING wand of acid (2) at 2,0 (wolf spider;
                  | floor).
  6934 | D:9      | Killed a wolf spider
  6935 | D:9      | Reached skill level 6 in Invocations
  6942 | D:9      | Killed a brown ugly thing
  6947 | D:9      | Reached ***** piety under Okawaru
  6948 | D:9      | Reached skill level 9 in Fighting
  6977 | D:9      | 6977 ||| FLEEEEING.
  7003 | D:9      | Noticed a two-headed ogre
  7004 | D:9      | 7004 ||| INVOKING Finesse.
  7008 | D:9      | Killed a two-headed ogre
  7041 | D:9      | Noticed a centaur warrior
  7043 | D:9      | 7043 ||| ZAPPING wand of acid (1) at 4,5 (centaur warrior;
                  | floor).
  7046 | D:9      | 7046 ||| INVOKING Finesse.
  7051 | D:9      | Killed a centaur warrior
  7322 | D:9      | Found a runed translucent gate.
  7322 | D:9      | Found a runed translucent gate.
  7327 | D:9      | Noticed qw's ghost (journeyman GrHu)
  7363 | D:9      | 7363 ||| PLANNING LAIR
  7363 | D:9      | 7363 ||| DROPPING +2 robe.
  7364 | D:9      | 7364 ||| UPGRADING to +2 cloak.
  7374 | D:9      | 7374 ||| DROPPING +1 cloak.
  7375 | D:9      | 7375 ||| UPGRADING to +0 troll leather armour.
  7385 | D:9      | 7385 ||| DROPPING +0 ring mail of positive energy.
  7386 | D:9      | 7386 ||| READING 4 scrolls of identify.
  7386 | D:9      | 7386 ||| IDENTIFYING fuming yellow potion
  7387 | D:9      | 7387 ||| READING 3 scrolls of identify.
  7387 | D:9      | 7387 ||| IDENTIFYING 2 fuming cyan potions
  7388 | D:9      | 7388 ||| READING 2 scrolls of identify.
  7388 | D:9      | 7388 ||| IDENTIFYING scroll labelled DER WUPPUT
  7389 | D:9      | 7389 ||| READING scroll of brand weapon.
  7389 | D:9      | 7389 ||| BRANDING +2 longbow of flaming.
  7390 | D:9      | 7390 ||| READING scroll of identify.
  7390 | D:9      | 7390 ||| IDENTIFYING scroll labelled UNIHEFA QUHENI
  7391 | D:9      | 7391 ||| DROPPING potion of ambrosia.
  7392 | D:9      | 7392 ||| DROPPING scroll of immolation.
  7428 | Lair:1   | Entered Level 1 of the Lair of Beasts
  7428 | Lair:1   | Found a gate leading to a gauntlet.
  7429 | Lair:1   | 7429 ||| PLANNING GAUNTLET
  7434 | Lair:1   | 7434 ||| INVOKING Finesse.
  7482 | Gauntlet | Entered a Gauntlet
  7482 | Gauntlet | Noticed a fire crab
  7482 | Gauntlet | Noticed a sixfirhy
  7482 | Gauntlet | Found a large runed translucent door.
  7482 | Gauntlet | Found a large runed translucent door.
  7482 | Gauntlet | Found a large runed translucent door.
  7482 | Gauntlet | Found a large runed translucent door.
  7482 | Gauntlet | Found a runed translucent door.
  7482 | Gauntlet | Found a large runed translucent door.
  7482 | Gauntlet | Found a large runed translucent door.
  7482 | Gauntlet | Found a transporter.
  7482 | Gauntlet | Found a transporter.
  7482 | Gauntlet | Found a large runed translucent door.
  7482 | Gauntlet | Found a large runed translucent door.
  7482 | Gauntlet | Found a runed translucent gate.
  7482 | Gauntlet | Found a runed translucent gate.
  7482 | Gauntlet | Found a transporter.
  7483 | Gauntlet | Found a transporter.
  7483 | Gauntlet | Noticed a sixfirhy
  7485 | Gauntlet | Noticed a sixfirhy
  7486 | Gauntlet | Found a transporter.
  7501 | Gauntlet | Found a transporter.
  7515 | Gauntlet | Noticed a large abomination
  7556 | Gauntlet | Found a runed translucent door.
  7557 | Gauntlet | Found a large runed translucent door.
  7557 | Gauntlet | Found a large runed translucent door.
  7557 | Gauntlet | Found a large runed translucent door.
  7557 | Gauntlet | Found a large runed translucent door.
  7558 | Gauntlet | Found a large runed translucent door.
  7558 | Gauntlet | Found a large runed translucent door.
  7559 | Gauntlet | Found a large runed translucent door.
  7559 | Gauntlet | Found a large runed translucent door.
  7563 | Gauntlet | Found a transporter.
  7569 | Gauntlet | Noticed a soul eater
  7575 | Gauntlet | Found a transporter.
  7589 | Gauntlet | Found a transporter.
  7599 | Gauntlet | Found a transporter.
  7614 | Gauntlet | Found a transporter.
  7620 | Gauntlet | Found a transporter.
  7640 | Gauntlet | Noticed a large abomination
  7643 | Gauntlet | Found a runed translucent gate.
  7685 | Gauntlet | 7685 ||| INVOKING Finesse.
  7690 | Gauntlet | 7690 ||| INVOKING Finesse.
  7707 | Gauntlet | Killed a sixfirhy
  7709 | Gauntlet | Killed a sixfirhy
  7717 | Gauntlet | Killed a sixfirhy
  7750 | Gauntlet | Identified the +4 helmet "Hoxit" {Str+4 Int+4 Dex-2}
  7752 | Gauntlet | 7752 ||| UPGRADING to +4 helmet "Hoxit" {Str+4 Int+4
                  | Dex-2}.
  7757 | Gauntlet | 7757 ||| READING scroll labelled YFRATU KODOONN.
  7764 | Gauntlet | 7764 ||| RETREEEEATING.
  7765 | Gauntlet | 7765 ||| RETREEEEATING.
  7766 | Gauntlet | 7766 ||| RETREEEEATING.
  7767 | Gauntlet | 7767 ||| RETREEEEATING.
  7768 | Gauntlet | 7768 ||| INVOKING Finesse.
  7784 | Gauntlet | Reached skill level 9 in Invocations
  7794 | Gauntlet | 7794 ||| INVOKING Heroism.
  7797 | Gauntlet | Killed a large abomination
  7798 | Gauntlet | Reached XP level 12. HP: 53/76 MP: 12/18
  7851 | Gauntlet | Identified the +1 helmet "Kutsowen" {+Inv rF+ Will-}
  7856 | Gauntlet | Identified the ring "Jiurim" {rF- rCorr Str+3 Int+4 SInv}
  7868 | Gauntlet | Noticed a minotaur
  7869 | Gauntlet | 7869 ||| INVOKING Finesse.
  7888 | Gauntlet | 7888 ||| INVOKING Finesse.
  7891 | Gauntlet | Killed a minotaur
  7892 | Gauntlet | Reached skill level 14 in Ranged Weapons
  7947 | Gauntlet | Identified the +2 scale mail of Murph {Str+2}
  8010 | Lair:1   | 8010 ||| PLANNING LAIR
  8021 | Lair:1   | 8021 ||| RETREEEEATING.
  8024 | Lair:1   | 8024 ||| INVOKING Finesse.
  8109 | Lair:1   | 8109 ||| RETREEEEATING.
  8110 | Lair:1   | 8110 ||| RETREEEEATING.
  8111 | Lair:1   | 8111 ||| RETREEEEATING.
  8112 | Lair:1   | 8112 ||| RETREEEEATING.
  8115 | Lair:1   | 8115 ||| RETREEEEATING.
  8121 | Lair:1   | 8121 ||| INVOKING Finesse.
  8123 | Lair:1   | Received a gift from Okawaru
  8218 | Lair:1   | Noticed Amaemon
  8219 | Lair:1   | 8219 ||| INVOKING Finesse.
  8235 | Lair:1   | Killed Amaemon
  8243 | Lair:1   | 8243 ||| FLEEEEING.
  8500 | Lair:1   | Reached skill level 15 in Ranged Weapons
  8500 | Lair:1   | 8500 ||| FLEEEEING.
  8960 | Lair:1   | 8960 ||| DROPPING +1 hat.
  9085 | Lair:2   | 9085 ||| RETREEEEATING.
  9086 | Lair:2   | 9086 ||| RETREEEEATING.
  9089 | Lair:2   | 9089 ||| RETREEEEATING.
  9093 | Lair:2   | 9093 ||| RETREEEEATING.
  9110 | Lair:2   | Reached skill level 6 in Dodging
  9111 | Lair:2   | 9111 ||| FLEEEEING.
  9117 | Lair:2   | 9117 ||| DROPPING ring of resist corrosion.
  9119 | Lair:2   | Received a gift from Okawaru
  9135 | Lair:2   | Noticed Sonja
  9136 | Lair:2   | 9136 ||| INVOKING Finesse.
  9145 | Lair:2   | Killed Sonja
  9149 | Lair:2   | 9149 ||| RETREEEEATING.
  9152 | Lair:2   | 9152 ||| RETREEEEATING.
  9182 | Lair:2   | Reached XP level 13. HP: 82/82 MP: 18/20
  9227 | Lair:2   | 9227 ||| RETREEEEATING.
  9234 | Lair:2   | 9234 ||| RETREEEEATING.
  9235 | Lair:2   | 9235 ||| RETREEEEATING.
  9236 | Lair:2   | 9236 ||| RETREEEEATING.
  9238 | Lair:2   | 9238 ||| RETREEEEATING.
  9327 | Lair:2   | Reached skill level 16 in Ranged Weapons
  9337 | Lair:2   | Found a frozen archway.
  9392 | Lair:2   | Noticed Maggie
  9395 | Lair:2   | Killed Maggie
  9650 | Lair:2   | Found a staircase to the Swamp.
  9890 | Lair:2   | 9890 ||| READING scroll of identify.
  9890 | Lair:2   | 9890 ||| IDENTIFYING metallic green potion
  9925 | Lair:3   | 9925 ||| RETREEEEATING.
  9926 | Lair:3   | 9926 ||| RETREEEEATING.
  9927 | Lair:3   | 9927 ||| RETREEEEATING.
  9928 | Lair:3   | 9928 ||| RETREEEEATING.
  9929 | Lair:3   | 9929 ||| RETREEEEATING.
  9935 | Lair:3   | 9935 ||| INVOKING Finesse.
  9982 | Lair:3   | Found a transporter.
  9999 | Lair:3   | 9999 ||| READING scroll of enchant weapon.
  9999 | Lair:3   | 9999 ||| ENCHANTING +2 longbow of chaos.
 10004 | Lair:3   | Found a transporter.
 10009 | Lair:3   | Noticed qw's ghost (journeyman GrHu)
 10171 | Lair:3   | Noticed Rupert
 10172 | Lair:3   | 10172 ||| RETREEEEATING.
 10173 | Lair:3   | 10173 ||| RETREEEEATING.
 10174 | Lair:3   | 10174 ||| RETREEEEATING.
 10175 | Lair:3   | 10175 ||| RETREEEEATING.
 10176 | Lair:3   | 10176 ||| RETREEEEATING.
 10177 | Lair:3   | Paralysed by Rupert for 2 turns
 10179 | Lair:3   | 10179 ||| RETREEEEATING.
 10181 | Lair:3   | 10181 ||| DRINKING 3 potions of curing.
 10181 | Lair:3   | 10181 ||| (to cure confusion)
 10182 | Lair:3   | 10182 ||| DRINKING 2 potions of curing.
 10182 | Lair:3   | 10182 ||| (to cure confusion)
 10183 | Lair:3   | 10183 ||| DRINKING potion of curing.
 10183 | Lair:3   | 10183 ||| (to cure confusion)
 10190 | Lair:3   | 10190 ||| RETREEEEATING.
 10194 | Lair:3   | 10194 ||| INVOKING Finesse.
 10195 | Lair:3   | 10195 ||| INVOKING Heroism.
 10214 | Lair:3   | Killed Rupert
 10336 | Lair:3   | 10336 ||| RETREEEEATING.
 10342 | Lair:3   | 10342 ||| RETREEEEATING.
 10345 | Lair:3   | 10345 ||| RETREEEEATING.
 10346 | Lair:3   | 10346 ||| RETREEEEATING.
 10358 | Lair:3   | Received a gift from Okawaru
 10359 | Lair:3   | Reached skill level 17 in Ranged Weapons
 10360 | Lair:3   | 10360 ||| FLEEEEING.
 10368 | Lair:3   | 10368 ||| STAIRDANCE
 10382 | Lair:3   | 10382 ||| RETREEEEATING.
 10385 | Lair:3   | 10385 ||| RETREEEEATING.
 10388 | Lair:3   | 10388 ||| RETREEEEATING.
 10620 | Lair:3   | Found a hole to the Spider Nest.
 10739 | Lair:3   | 10739 ||| READING scroll labelled VOPEDU OLOAPN.
 10740 | Lair:3   | 10740 ||| FLEEEEING.
 10776 | Lair:4   | 10776 ||| INVOKING Finesse.
 10793 | Lair:4   | 10793 ||| FLEEEEING.
 10800 | Lair:4   | 10800 ||| STAIRDANCE
 10825 | Lair:4   | 10825 ||| READING 2 scrolls of enchant weapon.
 10825 | Lair:4   | 10825 ||| ENCHANTING +3 longbow of chaos.
 10826 | Lair:4   | 10826 ||| READING scroll of enchant weapon.
 10826 | Lair:4   | 10826 ||| ENCHANTING +4 longbow of chaos.
 10833 | Lair:4   | 10833 ||| INVOKING Finesse.
 10843 | Lair:4   | 10843 ||| RETREEEEATING.
 10844 | Lair:4   | 10844 ||| RETREEEEATING.
 10845 | Lair:4   | 10845 ||| RETREEEEATING.
 10846 | Lair:4   | 10846 ||| RETREEEEATING.
 10847 | Lair:4   | 10847 ||| RETREEEEATING.
 10848 | Lair:4   | 10848 ||| RETREEEEATING.
 10849 | Lair:4   | 10849 ||| RETREEEEATING.
 10850 | Lair:4   | 10850 ||| RETREEEEATING.
 10910 | Lair:4   | Received a gift from Okawaru
 11284 | Lair:4   | Gained mutation: Your large and strong wings let you fly.
                  | [Gargoyle growth]
 11284 | Lair:4   | Reached XP level 14. HP: 90/90 MP: 21/21
 11403 | Lair:4   | Reached skill level 18 in Ranged Weapons
 11405 | Lair:4   | 11405 ||| INVOKING Finesse.
 11553 | Lair:4   | 11553 ||| DROPPING amulet of guardian spirit.
 11554 | Lair:4   | 11554 ||| UPGRADING to +5 ring of evasion.
 11556 | Lair:4   | 11556 ||| DROPPING ring of magical power.
 11557 | Lair:4   | 11557 ||| DROPPING +4 ring of protection.
 11573 | Lair:5   | Entered Level 5 of the Lair of Beasts
 11574 | Lair:5   | 11574 ||| STAIRDANCE
 11578 | Lair:5   | 11578 ||| STAIRDANCE
 11584 | Lair:5   | 11584 ||| STAIRDANCE
 11598 | Lair:5   | 11598 ||| STAIRDANCE
 11606 | Lair:5   | 11606 ||| STAIRDANCE
 11710 | Lair:5   | 11710 ||| RETREEEEATING.
 11711 | Lair:5   | 11711 ||| RETREEEEATING.
 11871 | Lair:5   | 11871 ||| INVOKING Finesse.
 11872 | Lair:5   | 11872 ||| RETREEEEATING.
 11883 | Lair:5   | Reached skill level 12 in Fighting
 11909 | Lair:5   | 11909 ||| FLEEEEING.
 11914 | Lair:5   | 11914 ||| FLEEEEING.
 11915 | Lair:5   | 11915 ||| FLEEEEING.
 12082 | Lair:5   | 12082 ||| INVOKING Finesse.
 12097 | Lair:5   | 12097 ||| RETREEEEATING.
 12132 | Lair:5   | 12132 ||| FLEEEEING.
 12133 | Lair:5   | 12133 ||| FLEEEEING.
 12138 | Lair:5   | 12138 ||| INVOKING Finesse.
 12196 | Lair:5   | 12196 ||| INVOKING Finesse.
 12260 | Lair:5   | Received a gift from Okawaru
 12290 | Lair:5   | 12290 ||| RETREEEEATING.
 12292 | Lair:5   | 12292 ||| RETREEEEATING.
 12294 | Lair:5   | 12294 ||| RETREEEEATING.
 12295 | Lair:5   | 12295 ||| RETREEEEATING.
 12296 | Lair:5   | 12296 ||| RETREEEEATING.
 12297 | Lair:5   | 12297 ||| INVOKING Finesse.
 12387 | Lair:5   | 12387 ||| INVOKING Finesse.
 12388 | Lair:5   | Found a corrupted altar of Lugonu.
 12388 | Lair:5   | Found a one-way gate to the infinite horrors of the Abyss.
 12392 | Lair:5   | Reached skill level 19 in Ranged Weapons
 12424 | Lair:5   | Identified the +4 orcbow "Konkuone" {flame, Int+4}
 12603 | Lair:5   | Found a runed translucent door.
 12607 | Lair:5   | Found a viscous altar of Jiyva.
 12608 | Lair:5   | Found a staircase to the Slime Pits.
 12608 | Lair:5   | Noticed an acid blob
 12756 | Lair:5   | 12756 ||| PLANNING D:1-11
 12879 | D:10     | Entered Level 10 of the Dungeon
 13014 | D:10     | Found Cejein's General Store.
 13021 | D:10     | 13021 ||| BUYING scroll of identify (32 gold).
 13021 | D:10     | Bought a scroll of identify for 32 gold pieces
 13021 | D:10     | 13021 ||| BUYING wand of acid (2) (134 gold).
 13021 | D:10     | Bought a wand of acid (2) for 134 gold pieces
 13021 | D:10     | 13021 ||| BUYING wand of acid (2) (134 gold).
 13021 | D:10     | Bought a wand of acid (2) for 134 gold pieces
 13331 | D:10     | 13331 ||| READING scroll of identify.
 13331 | D:10     | 13331 ||| IDENTIFYING lumpy ruby potion
 13334 | D:10     | 13334 ||| READING scroll labelled HIJOCEFEWE.
 13336 | D:10     | 13336 ||| FLEEEEING.
 13347 | D:10     | 13347 ||| FLEEEEING.
 13497 | D:10     | Found a bloodstained altar of Trog.
 13558 | D:10     | 13558 ||| DROPPING potion of invisibility.
 13597 | D:11     | 13597 ||| STAIRDANCE
 13604 | D:11     | 13604 ||| STAIRDANCE
 13613 | D:11     | 13613 ||| STAIRDANCE
 13683 | D:11     | 13683 ||| RETREEEEATING.
 13693 | D:11     | 13693 ||| RETREEEEATING.
 13694 | D:11     | 13694 ||| RETREEEEATING.
 13695 | D:11     | 13695 ||| FLEEEEING.
 13696 | D:11     | 13696 ||| FLEEEEING.
 13698 | D:11     | 13698 ||| FLEEEEING.
 13699 | D:11     | 13699 ||| FLEEEEING.
 13700 | D:11     | 13700 ||| FLEEEEING.
 13702 | D:11     | 13702 ||| FLEEEEING.
 13703 | D:11     | 13703 ||| FLEEEEING.
 13704 | D:11     | 13704 ||| FLEEEEING.
 13705 | D:11     | 13705 ||| FLEEEEING.
 13706 | D:11     | 13706 ||| FLEEEEING.
 13707 | D:11     | 13707 ||| FLEEEEING.
 13708 | D:11     | 13708 ||| FLEEEEING.
 13709 | D:11     | 13709 ||| FLEEEEING.
 13712 | D:11     | 13712 ||| INVOKING Finesse.
 13883 | D:11     | 13883 ||| RETREEEEATING.
 14040 | D:11     | 14040 ||| INVOKING Finesse.
 14157 | D:11     | 14157 ||| INVOKING Finesse.
 14444 | D:11     | 14444 ||| PLANNING D
 14444 | D:11     | 14444 ||| READING scroll of identify.
 14444 | D:11     | 14444 ||| IDENTIFYING lumpy white potion
 14445 | D:11     | 14445 ||| DROPPING potion of attraction.
 14544 | D:12     | 14544 ||| RETREEEEATING.
 14545 | D:12     | 14545 ||| RETREEEEATING.
 14546 | D:12     | 14546 ||| RETREEEEATING.
 14547 | D:12     | 14547 ||| RETREEEEATING.
 14548 | D:12     | 14548 ||| RETREEEEATING.
 14549 | D:12     | 14549 ||| RETREEEEATING.
 14660 | D:12     | 14660 ||| FLEEEEING.
 14664 | D:12     | Reached XP level 15. HP: 92/97 MP: 22/22
 14766 | D:12     | 14766 ||| ZAPPING wand of acid (4) at -4,-2 (brown ugly
                  | thing; floor).
 14767 | D:12     | 14767 ||| ZAPPING wand of acid (3) at -2,-1 (brown ugly
                  | thing; floor).
 14768 | D:12     | 14768 ||| INVOKING Finesse.
 14939 | D:12     | Found a staircase to the Orcish Mines.
 14944 | D:12     | 14944 ||| READING scroll of identify.
 14944 | D:12     | 14944 ||| IDENTIFYING fuming white potion
 14945 | D:12     | 14945 ||| DROPPING potion of degeneration.
 14985 | D:13     | Found an opulent altar of Gozag.
 15025 | D:13     | Found a portal to a secret trove of treasure.
 15070 | D:13     | 15070 ||| INVOKING Finesse.
 15117 | D:13     | Found Xelatetz's Antique Weapon Shop.
 15240 | D:13     | You are sucked into a shaft and drop 1 floor!
 15593 | D:13     | 15593 ||| INVOKING Finesse.
 15597 | D:13     | Reached skill level 9 in Dodging
 15625 | D:13     | 15625 ||| FLEEEEING.
 15625 | D:13     | HP: 22/98 [burnt (10)]
 15682 | D:13     | Found a gate to the Vaults.
 15687 | D:13     | 15687 ||| READING scroll of enchant weapon.
 15687 | D:13     | 15687 ||| ENCHANTING +5 longbow of chaos.
 16726 | D:14     | 16726 ||| READING 3 scrolls of identify.
 16726 | D:14     | 16726 ||| IDENTIFYING murky amethyst potion
 16729 | D:15     | Entered Level 15 of the Dungeon
 16733 | D:15     | 16733 ||| STAIRDANCE
 16811 | D:15     | 16811 ||| FLEEEEING.
 16867 | D:15     | Noticed a fire giant
 16868 | D:15     | 16868 ||| RETREEEEATING.
 16869 | D:15     | 16869 ||| RETREEEEATING.
 16900 | D:15     | 16900 ||| INVOKING Finesse.
 16900 | D:15     | Found a staircase to the Depths.
 16901 | D:15     | 16901 ||| INVOKING Heroism.
 16909 | D:15     | Killed a fire giant
 17085 | D:15     | Found the +3 salamander hide armour {Flames, rFlCloud rF++
                  | rC--}
 17087 | D:15     | 17087 ||| FLEEEEING.
 17088 | D:15     | 17088 ||| FLEEEEING.
 17089 | D:15     | 17089 ||| FLEEEEING.
 17090 | D:15     | 17090 ||| FLEEEEING.
 17091 | D:15     | 17091 ||| FLEEEEING.
 17092 | D:15     | 17092 ||| FLEEEEING.
 17093 | D:15     | 17093 ||| FLEEEEING.
 17094 | D:15     | 17094 ||| FLEEEEING.
 17095 | D:15     | 17095 ||| FLEEEEING.
 17096 | D:15     | 17096 ||| FLEEEEING.
 17100 | D:15     | 17100 ||| RETREEEEATING.
 17101 | D:15     | 17101 ||| RETREEEEATING.
 17102 | D:15     | 17102 ||| RETREEEEATING.
 17103 | D:15     | 17103 ||| RETREEEEATING.
 17133 | D:15     | 17133 ||| INVOKING Finesse.
 17135 | D:15     | Reached skill level 20 in Ranged Weapons
 17161 | D:15     | Reached skill level 6 in Armour
 17471 | D:15     | 17471 ||| PLANNING ORC
 17471 | D:15     | 17471 ||| READING 5 scrolls of identify.
 17471 | D:15     | 17471 ||| IDENTIFYING 2 fuming sapphire potions
 17472 | D:15     | 17472 ||| DROPPING 2 potions of berserk rage.
 17565 | Orc:1    | Entered Level 1 of the Orcish Mines
 17566 | Orc:1    | 17566 ||| STAIRDANCE
 17572 | Orc:1    | 17572 ||| STAIRDANCE
 17579 | D:12     | 17579 ||| INVOKING Finesse.
 17631 | Orc:1    | 17631 ||| STAIRDANCE
 17639 | Orc:1    | 17639 ||| STAIRDANCE
 17648 | Orc:1    | 17648 ||| STAIRDANCE
 17650 | D:12     | 17650 ||| FLEEEEING.
 17671 | Orc:1    | 17671 ||| STAIRDANCE
 17675 | Orc:1    | 17675 ||| STAIRDANCE
 17689 | Orc:1    | 17689 ||| STAIRDANCE
 17751 | Orc:1    | Found a transporter.
 17760 | Orc:1    | Found a bloodstained altar of Trog.
 17768 | Orc:1    | Noticed Xelitey Juot's ghost (novice MiFi)
 17787 | Orc:1    | Found a transporter.
 17922 | Orc:2    | Entered Level 2 of the Orcish Mines
 17943 | Orc:2    | Found a staircase to the Elven Halls.
 18020 | Orc:2    | 18020 ||| RETREEEEATING.
 18142 | Orc:1    | 18142 ||| RETREEEEATING.
 18147 | Orc:1    | 18147 ||| INVOKING Finesse.
 18170 | Orc:1    | HP: 3/101 [orc knight/+0 great mace (29)]
 18171 | Orc:1    | 18171 ||| DRINKING 6 potions of heal wounds.
 18172 | Orc:1    | 18172 ||| DRINKING 5 potions of heal wounds.
 18180 | Orc:1    | HP: 19/101 [orc knight/+0 great mace (33)]
 18182 | Orc:1    | 18182 ||| READING 8 scrolls of teleportation.
 18183 | Orc:1    | 18183 ||| DRINKING 4 potions of heal wounds.
 18185 | Orc:1    | 18185 ||| DRINKING 3 potions of heal wounds.
 18554 | Orc:2    | Received a gift from Okawaru
 18558 | Orc:2    | Noticed Urug
 18575 | Orc:2    | 18575 ||| INVOKING Finesse.
 18579 | Orc:2    | Noticed an orc warlord
 18579 | Orc:2    | Killed Urug
 18580 | Orc:2    | Reached skill level 15 in Fighting
 18580 | Orc:2    | Reached XP level 16. HP: 88/108 MP: 17/23
 18649 | Orc:2    | 18649 ||| FLEEEEING.
 18687 | Orc:2    | 18687 ||| FLEEEEING.
 18688 | Orc:2    | 18688 ||| FLEEEEING.
 18689 | Orc:2    | 18689 ||| FLEEEEING.
 18690 | Orc:2    | 18690 ||| FLEEEEING.
 18691 | Orc:2    | 18691 ||| FLEEEEING.
 18692 | Orc:2    | 18692 ||| FLEEEEING.
 18693 | Orc:2    | 18693 ||| FLEEEEING.
 18694 | Orc:2    | 18694 ||| FLEEEEING.
 18697 | Orc:2    | 18697 ||| FLEEEEING.
 18698 | Orc:2    | 18698 ||| FLEEEEING.
 18699 | Orc:2    | 18699 ||| FLEEEEING.
 18700 | Orc:2    | 18700 ||| FLEEEEING.
 18701 | Orc:2    | 18701 ||| FLEEEEING.
 18721 | Orc:2    | Found Peerr's Antique Armour Shop.
 18740 | Orc:2    | Found Bomowul's Book Shop.
 18790 | Orc:2    | Found Qaotro's Antique Weapon Shop.
 18854 | Orc:2    | 18854 ||| INVOKING Finesse.
 18967 | Orc:2    | Found Zoxzyde's General Store.
 19100 | Orc:2    | 19100 ||| PLANNING SPIDER:1-3
 19319 | Spider:1 | Entered Level 1 of the Spider Nest
 19354 | Spider:1 | 19354 ||| INVOKING Finesse.
 19428 | Spider:1 | 19428 ||| INVOKING Finesse.
 19439 | Spider:1 | 19439 ||| FLEEEEING.
 19450 | Spider:1 | 19450 ||| FLEEEEING.
 19452 | Spider:1 | HP: 25/108 [demonic crawler (3)]
 19456 | Spider:1 | 19456 ||| READING 7 scrolls of teleportation.
 19457 | Spider:1 | 19457 ||| DRINKING 2 potions of heal wounds.
 19460 | Spider:1 | 19460 ||| FLEEEEING.
 19461 | Spider:1 | 19461 ||| FLEEEEING.
 19529 | Spider:1 | 19529 ||| RETREEEEATING.
 19530 | Spider:1 | 19530 ||| RETREEEEATING.
 19532 | Spider:1 | 19532 ||| RETREEEEATING.
 19533 | Spider:1 | 19533 ||| RETREEEEATING.
 19534 | Spider:1 | 19534 ||| RETREEEEATING.
 19535 | Spider:1 | 19535 ||| RETREEEEATING.
 19619 | Spider:1 | 19619 ||| INVOKING Finesse.
 19684 | Spider:1 | Received a gift from Okawaru
 19802 | Spider:1 | 19802 ||| INVOKING Finesse.
 19850 | Spider:1 | Found the +5 robe of Night {Dark Will+ SInv}
 20161 | Spider:1 | 20161 ||| UPGRADING to +5 robe of Night {Dark Will+ SInv}.
 20169 | Spider:1 | HP: 19/110 [wolf spider (28)]
 20169 | Spider:1 | HP: 6/110 [wolf spider (13)]
 20170 | Spider:1 | 20170 ||| FLEEEEING.
 20171 | Spider:1 | Slain by a wolf spider

Levels and vault maps discovered:
D:1:      dpeg_arrival_arbitrary_a, layout_loops_ring
D:2:      layout_loops_ring, serial_shops, shop, minmay_misc_feat_iff,
          corexii_shack
D:3:      layout_basic, minitemple
D:4:      layout_basic, lightli_temple_of_fire, nicolae_shop_unique_rings,
          cheibrodos_gnoll_hut, uniq_eustachio, uniq_blork_the_orc
D:5:      layout_loops_ring
D:6:      layout_basic, mainiacjoe_overflow_paths,
          minmay_temple_entry_offerings, minmay_diced_spiral, uniq_menkaure
D:7:      layout_basic, gammafunk_ghost_arena, minmay_misc_feat_enclosed,
          uniq_crazy_yiuf_cottage, uniq_prince_ribbit1, uniq_joseph
D:8:      layout_basic, minmay_misc_feat_tiny
D:9:      layout_rooms, david_lair_shrubbed, ebering_ghost_rock_garden,
          enter_bailey_4, nicolae_doodle_vault
D:10:     layout_long_grid, trog_wizard, serial_shops, shop, due_unseen_surprise
D:11:     layout_loops_ring
D:12:     layout_rooms, orc_0_dummy
D:13:     layout_stronghold, erik_vaults_1, nicolae_trove_entry_free_sample,
          serial_shops, shop, grunt_gozag_statues
D:14:     layout_basic, corexii_corridor_pit
D:15:     grunt_enter_depths_giant_problem, layout_rooms, serial_library,
          serial_library_hellmonk_small_alcove,
          serial_library_hellmonk_big_corner,
          serial_library_hellmonk_small_corner, serial_library_hellmonk_h_bend,
          serial_library_hellmonk_secret_room,
          serial_library_hellmonk_reading_circle,
          serial_library_hellmonk_small_alcove, corexii_leaking_fountain
Temple:   hellmonk_temple_micro_hex
Lair:1:   minmay_lair_oklob_chamber, layout_regular_city,
          gauntlet_entry_generic, uniq_amaemon
Lair:2:   layout_misc_corridors, mainiacjoe_swamp_entry_lozenge_pond,
          portal_ice_cave_entry_imps, st_stairs_6, patterned_corridor,
          serial_bayou_shore_b, uniq_sonja, uniq_maggie
Lair:3:   layout_cave_pods, nicolae_spider_entry_orb_guardian,
          gammafunk_ghost_berserking_beasts, pdpol_lair_neglected_garden,
          uniq_rupert
Lair:4:   layout_roguey [special_room_mythical_zoo]
Lair:5:   hellmonk_lair_end_abyssal_woods, layout_big_grid, slime_entry_2,
          nicolae_lair_run_with_the_wolves
Spider:1: layout_spider_delve, nicolae_spider_orb_run, uniq_roxanne
Orc:1:    cheibrodos_orc_bank, layout_caves, gammafunk_ghost_wrathful_warriors
Orc:2:    grunt_orc_cross, layout_caves, basic_altar, mines1_david

Skill      XL: |  1  2  3  4  5  6  7  8  9 10 11 12 13 14 15 16 |
---------------+-------------------------------------------------+-----
Ranged Weapons | 5 6 7 8 10 13 15 17 19 20 | 20.0
Fighting       | 3 4 5 6 7 8 9 10 11 12 15 16 | 16.0
Dodging        | 2 3 4 5 6 7 8 9 10 | 10.1
Armour         | 1 3 4 5 6 7 |  7.0
Invocations    | 4 5 9 10 | 10.0
Stealth        | |  1.1

Action                     |  1- 3 |  4- 6 |  7- 9 | 10-12 | 13-15 | 16-18 || total
---------------------------+-------+-------+-------+-------+-------+-------++-------
   Fire: Shortbow          |   156 |   132 |   411 |    38 |       |       ||   737
         Longbow           |       |       |       |   474 |  1294 |   310 ||  2078
         Orcbow            |       |       |       |    11 |       |       ||    11
 Invoke: Heroism           |       |       |     3 |     2 |     2 |       ||     7
         Finesse           |       |       |       |    12 |    22 |     5 ||    39
  Evoke: Wand              |       |       |     6 |     5 |     2 |       ||    13
    Use: Scroll            |     3 |     8 |     8 |     8 |    13 |     1 ||    41
         Potion            |     2 |       |     2 |       |     7 |     1 ||    12
 Armour: Leather armour    |    53 |    34 |    79 |       |       |       ||   166
         Robe              |       |       |    70 |       |       |       ||    70
         Ring mail         |       |       |    64 |    69 |       |       ||   133
         Troll leather arm |       |       |       |   140 |   303 |   118 ||   561
  Dodge: Dodged            |    70 |    30 |   179 |   206 |   560 |   265 ||  1310

Table legend:
 A = Non-vault XP
 B = Vault XP
 C = Vault XP percentage of total XP
 D = Non-vault monster count
 E = Vault monster count
 F = Vault count percentage of total count
                 A         B        C        D         E       F
            +---------+---------+-------+---------+---------+-------
      Total |  100356 |   55681 |  35.7 |     502 |     210 |  29.5
            +---------+---------+-------+---------+---------+-------
        D:1 |      28 |       0 |   0.0 |      17 |       0 |   0.0
        D:2 |      58 |       0 |   0.0 |      25 |       0 |   0.0
        D:3 |      73 |       0 |   0.0 |      13 |       0 |   0.0
        D:4 |     241 |     385 |  61.5 |      17 |       5 |  22.7
        D:5 |     631 |       0 |   0.0 |      18 |       0 |   0.0
        D:6 |     316 |     281 |  47.1 |       5 |       5 |  50.0
        D:7 |    1790 |     719 |  28.7 |      27 |       2 |   6.9
        D:8 |    1275 |       0 |   0.0 |      13 |       0 |   0.0
        D:9 |    3614 |    4762 |  56.9 |      33 |      19 |  36.5
       D:10 |    1273 |       0 |   0.0 |      19 |       0 |   0.0
       D:11 |    7312 |       0 |   0.0 |      25 |       0 |   0.0
       D:12 |    6730 |       0 |   0.0 |      30 |       0 |   0.0
       D:13 |    4573 |    1716 |  27.3 |      11 |       2 |  15.4
       D:14 |    3579 |       0 |   0.0 |       7 |       0 |   0.0
       D:15 |   14853 |    1228 |   7.6 |      39 |       1 |   2.5
     Lair:1 |    6431 |    1838 |  22.2 |      24 |       4 |  14.3
     Lair:2 |    5887 |    2625 |  30.8 |      27 |      17 |  38.6
     Lair:3 |    7439 |    2529 |  25.4 |      27 |       2 |   6.9
     Lair:4 |    6408 |    5402 |  45.7 |      21 |      26 |  55.3
     Lair:5 |    4762 |   12984 |  73.2 |      17 |      45 |  72.6
   Spider:1 |   16753 |    4495 |  21.2 |      37 |      11 |  22.9
      Orc:1 |    4318 |     894 |  17.2 |      29 |      17 |  37.0
      Orc:2 |    2012 |   10267 |  83.6 |      21 |      43 |  67.2
   Gauntlet |       0 |    5556 | 100.0 |       0 |      11 | 100.0
            +---------+---------+-------+---------+---------+-------
